Unix NetHack Version 3.7.0-89 Work-in-progress - last build Sep 24 2023 19:26:52 (48e034876007844a536bf88644040a71d2893410,branch:master). Game began 2023-09-26 18:23:43, ended 2023-09-27 10:15:55. Arasaka, lawful male dwarven Caveman @ Arasaka the Wayfarer St:18/47 Dx:20 Co:20 In:10 Wi:14 Ch:9 Lawful Dlvl:23 $:396 HP:0(147) Pw:27(27) AC:-20 Xp:15/184883 T:22864 Blind Latest messages: The raven bites! The raven misses! The raven bites! You kill the raven! The raven bites! The raven misses! The raven misses! The raven misses! The raven misses! You hit the raven. The raven misses! The raven misses! The raven misses! The raven misses! The raven misses! The raven misses! You kill the raven! The raven misses! The raven misses! The raven misses! The raven misses! You hit the raven. The raven misses! The raven misses! The raven misses! You kill the raven! The raven misses! The raven misses! You kill the raven! You hit the raven. The raven bites! You kill the raven! The raven misses! The raven misses! You hit the raven. The raven misses! The raven misses! You kill the raven! You hit the raven. The raven misses! You kill the raven! What do you want to remove? [PT or ?*] You were wearing an uncursed ring of levitation (on left hand). You fall into the shallow sea! You sink like a rock. Your scroll of light fades. Your pick-axe rusts! Your towel gets wet. The grease on your bag of holding washes off. You drown. Inventory: Coins ('$') $ - 396 gold pieces Amulets ('"') P - an uncursed amulet of guarding (being worn) Weapons (')') F - an uncursed +0 silver dagger t - an uncursed +0 aklys A - the blessed rustproof +6 Excalibur (weapon in hand) W - the blessed rustproof +0 Sceptre of Might Armor ('[') Y - a blessed +0 dwarvish iron helm (being worn) r - an uncursed +0 pair of leather gloves (being worn) G - an uncursed fireproof +0 pair of speed boots (being worn) d - an uncursed +0 shield of reflection (being worn) e - an uncursed +0 oilskin cloak (being worn) D - a blessed +5 gray dragon scale mail (being worn) Comestibles ('%') f - an uncursed food ration C - an uncursed homemade tin of troll meat Q - an uncursed lizard corpse named tricebane Scrolls ('?') i - a blessed scroll of blank paper a - an uncursed scroll of blank paper h - 2 uncursed scrolls of blank paper c - an uncursed scroll of enchant weapon Rings ('=') T - an uncursed ring of levitation Wands ('/') O - an uncursed wand of cancellation (0:8) J - an uncursed wand of digging (0:6) w - an uncursed wand of digging (0:4) H - an uncursed wand of digging (0:4) y - an uncursed wand of locking (0:4) Tools ('(') z - a blessed bag of holding containing 40 items b - an uncursed bugle E - the uncursed Bell of Opening (0:3) I - a blessed oil lamp q - an uncursed rusty +0 pick-axe k - an uncursed skeleton key u - an uncursed tinning kit (0:58) x - an uncursed wet towel s - an uncursed +0 unicorn horn Gems/Stones ('*') o - an uncursed luckstone Contents of the bag of holding: 2585 gold pieces an uncursed amulet of reflection the uncursed rustproof +1 Ogresmasher an uncursed +0 halberd an uncursed +0 pair of levitation boots named levi 2 uncursed C-rations an uncursed carrot an uncursed cram ration 7 uncursed food rations an uncursed K-ration an uncursed pancake 9 uncursed tripe rations an uncursed tin of coyote meat an uncursed tin of newt meat 2 uncursed tins of quantum mechanic meat an uncursed tin of troll meat 3 blessed scrolls of charging a blessed scroll of identify 2 uncursed scrolls of identify 4 blessed scrolls of remove curse an uncursed scroll of scare monster an uncursed spellbook of detect food an uncursed potion of healing 6 potions of holy water an uncursed ring of regeneration an uncursed wand of cold (0:3) an uncursed wand of digging (0:7) an uncursed wand of fire (0:6) an uncursed wand of fire (0:4) an uncursed wand of light (0:11) an uncursed wand of magic missile (0:5) an uncursed wand of magic missile (0:5) an uncursed wand of magic missile (0:3) an uncursed wand of sleep (0:6) a blessed wand of speed monster (0:4) an uncursed wand of striking (0:6) an uncursed wand of teleportation (0:4) an uncursed brass lantern a blessed oil lamp named empty an uncursed oil lamp Arasaka the Caveman's attributes: Background: You were a Wayfarer, a level 15 dwarven Caveman. You were lawful, on a mission for Anu who was opposed by Ishtar (neutral) and Anshar (chaotic). You were in the Dungeons of Doom, on level 23. You entered the dungeon 22864 turns ago. You had 184883 experience points, 135117 more were needed to attain level 16. Basics: You had 0 out of 147 hit points. You had all 27 energy points (spell power). Your armor class was -20. Your wallet contained 396 zorkmids, and you had 2585 more stashed away in your pack. Autopickup was on for '$"?' plus thrown, with exceptions. Final Characteristics: Your strength was 18/47 (limit:18/100). Your dexterity was 20 (limit:20). Your constitution was 20 (limit:20). Your intelligence was 10 (limit:16). Your wisdom was 14 (limit:16). Your charisma was 9 (limit:16). Final Status: You were underwater. You were temporarily blind. You were not hungry. You were unencumbered. You were wielding a long sword. You had basic skill with long sword. Final Attributes: You were piously aligned. You were magic-protected. You were fire resistant. You were cold resistant. You were sleep resistant. You were disintegration resistant. You were poison resistant. You were level-drain resistant. You would have seen invisible when not blind. You were telepathic. You were warned. You had automatic searching. You had infravision. You had teleport control. You had a moderate defense bonus (+9). You were protected. You were very fast. You had reflection. You were very lucky. You had extra luck. Bad luck did not time out for you. Good luck did not time out for you. You are dead. Miscellaneous: You disabled loading of bones levels. Total elapsed playing time was 4 hours, 36 minutes and 35 seconds. Major events: Turn 1: Arasaka the lawful dwarven Caveman entered the dungeon 1257: entered the Gnomish Mines 1499: attained the rank of Aborigine (level 3) 3255: attained the rank of Wanderer (level 6) 3395: entered Sokoban 3867: completed 1st Sokoban level 4953: reached Mine Town 5851: made his first wish - "blessed greased +2 gray dragon scale mail", got "a greased gray dragon scale mail" 6726: was bestowed with Snickersnee by Anu 7546: received Excalibur from a strange woman laying about in a pond 9199: completed 2nd Sokoban level 9454: completed 3rd Sokoban level 10199: completed 4th Sokoban level 10284: acquired the Sokoban bag of holding 10284: just blew up his bag of holding 10289: wished for "blessed greased bag of holding", got "a greased bag" 11341: was bestowed with Ogresmasher by Anu 11832: entered the Bigroom 12817: attained the rank of Vagrant (level 10) 15665: attained the rank of Wayfarer (level 14) 17374: killed Medusa 18541: found the Sceptre of Might on the floor 18556: killed the Chromatic Dragon 18559: acquired the Bell of Opening 22864: drowned in a shallow sea Vanquished creatures: Medusa the Chromatic Dragon 5 minotaurs 2 demiliches an Olog-hai a vampire leader 2 liches a golden naga 4 black puddings 3 vampires 13 ghosts a mind flayer 3 giant mimics a long worm an ogre tyrant an ice troll an umber hulk a stalker a water elemental 20 hill giants 7 giant zombies 3 sergeants a warg a small mimic a xan 2 ettin mummies an ogre leader 2 quantum mechanics 2 trolls 3 wood golems 4 sharks 3 gelatinous cubes a pyrolisk 5 large dogs a freezing sphere 4 shocking spheres 4 tigers a gargoyle 2 dwarf rulers 4 tengu 3 ochre jellies 2 leocrottas a mountain centaur 3 stone giants an elf mummy 2 human mummies a python a cobra 9 wraiths 4 ettin zombies 4 Grey-elves an amorous demon 2 chameleons a crocodile 3 giant beetles 2 quivering blobs 2 cockatrices 6 wolves a winter wolf cub a lynx a panther 3 gremlins a leprechaun 5 iron piercers 7 giant spiders a scorpion an ice vortex a baby long worm 3 black lights 2 vampire bats 2 forest centaurs 2 orc mummies a rust monster 3 owlbears 4 yetis a werewolf a Green-elf 4 giant eels 9 lizards a chickatrice a dingo 2 dogs 4 jaguars 3 blue jellies a gray unicorn a black unicorn 28 ravens 6 plains centaurs 5 snakes 2 apes 5 human zombies 8 Woodland-elves 9 soldier ants a fire ant 43 bugbears 2 imps 2 quasits a wood nymph 2 water nymphs 2 mountain nymphs a Mordor orc 8 Uruk-hai 5 orc shamans 3 rock piercers 2 rock moles a pony 4 fog clouds 6 yellow lights 3 shriekers 4 violet fungi a gnome leader 2 gnomish wizards 2 gray oozes a barrow wight 10 elf zombies 4 ghouls 4 straw golems a paper golem a jellyfish 19 giant ants a little dog 6 floating eyes a kitten a dwarf 3 homunculi a kobold leader 6 kobold shamans 13 hill orcs 15 rothes a rabid rat 3 giant bats 2 monkeys 9 orc zombies 6 dwarf zombies a wererat 9 iguanas 9 killer bees 4 acid blobs a coyote 3 hobbits 6 manes 3 large kobolds 7 hobgoblins 6 giant rats 10 cave spiders 2 yellow molds 3 red molds 10 gnomes 3 garter snakes 7 gnome zombies 8 geckos 4 jackals 6 foxes a kobold 2 goblins 21 grid bugs a bat 9 lichens 6 kobold zombies 13 newts 652 creatures vanquished. No species were genocided or became extinct. Voluntary challenges: You read items or engraved 40 times. You engraved Elbereth 1 time. You never genocided any monsters. You never polymorphed an object. You never changed form. You used 2 wishes. You did not wish for any artifacts. You violated the special Sokoban rules once. Achievements: You entered a shop. You entered the Gnomish Mines. You attained the rank of Aborigine. You attained the rank of Wanderer. You entered Sokoban. You entered Minetown. You entered a temple. You completed Sokoban. You entered the Big Room. You attained the rank of Vagrant. You attained the rank of Wayfarer. You defeated Medusa. You had the Bell of Opening. The Dungeons of Doom: levels 1 to 27 Level 1: A sink. Level 2: "v" Level 3: A general store. Level 4: "s" A general store, an altar to Anu. Stairs down to The Gnomish Mines. Level 5: "v" Level 6: An altar to Anu. Level 7: Level 8: An altar. Stairs up to Sokoban, level 7. Level 9: Level 10: "v" Level 11: Some fountains, many trees. A very big room. Level 12: Many graves. Level 13: A temple to Anu. Level 14: An altar, a fountain. Portal to The Quest. Level 15: A primitive area. Level 16: Level 17: "v" A grave. Portal to Fort Ludios. Level 18: "v" Some graves. Level 19: Level 20: A sink. Level 21: "s trice" A temple to Anu. Level 22: Level 23: <- You were here. Many trees. Final resting place for you, drowned in a shallow sea. Level 24: Level 25: Level 26: Level 27: The castle. The Gnomish Mines: levels 5 to 9 Level 5: Level 6: Level 7: Level 8: "books" Many shops, a temple, some fountains. Level 9: The Quest: levels 1 to 5 Level 1: A temple to Anu. Completed quest for Shaman Karnov. Level 2: Level 3: Level 4: Level 5: Sokoban: levels 7 up to 4 Level 4: "books" Solved. Level 5: Solved. Level 6: Solved. Level 7: Solved. Fort Ludios: Level 1: Game over: ---------- / \ / REST \ / IN \ / PEACE \ / \ | Arasaka | | 2981 Au | | drowned in a | | shallow sea | | | | | | 2023 | *| * * * | * _________)/\\_//(\/(/\)/\//\/|_)_______ Goodbye Arasaka the Caveman... You drowned in The Dungeons of Doom on dungeon level 23 with 164133 points, and 2981 pieces of gold, after 22864 moves. You were level 15 with a maximum of 147 hit points when you drowned.